 Dungeon Crawl Stone Soup version 0.30.1-11-g7821555f0a (webtiles) character file.

Game seed: 2741571583049841381

1001 anacleto the Shooter (level 8, -13/61 HPs)
             Began as a Human Hunter on Dec 12, 2023.
             Was a Follower of Dithmenos.
             Mangled by a two-headed ogre
             ... wielding a +0 giant club
              (26 damage)
             ... on level 7 of the Dungeon on Dec 13, 2023.
             The game lasted 00:24:27 (6786 turns).

anacleto the Shooter (Human Hunter)                 Turns: 6786, Time: 00:24:28

Health: -13/61     AC:  7    Str: 12    XL:     8   Next: 43%
Magic:  10/10      EV: 14    Int:  9    God:    Dithmenos [*.....]
Gold:   267        SH:  0    Dex: 19    Spells: 7/10 levels left

rFire   . . .        x - +0 dagger (venom)
rCold   . . .        (no shield)
rNeg    . . .        c - +0 leather armour
rPois   .            d - +0 hat
rElec   .            (no cloak)
rCorr   .            (no gloves)
SInv    .            (no boots)
Will    +....        (no amulet)
Stlth   +++          t - +4 ring of protection
HPRegen 0.30/turn    u - ring of willpower
MPRegen 0.12/turn

%: no passive effects
@: about to teleport, wreathed by umbra
A: no striking features
a: Renounce Religion


You were on level 7 of the Dungeon.
You worshipped Dithmenos.
Dithmenos was aware of your devotion.
You visited 2 branches of the dungeon, and saw 8 of its levels.

You collected 267 gold pieces.

Inventory:

Hand Weapons
 a - a +0 shortbow
 b - a +0 rapier of speed
 x - a +0 dagger of venom (weapon)
Armour
 c - a +0 leather armour (worn)
 d - a +0 hat (worn)
Jewellery
 n - a ring of positive energy
 r - an amulet of magic regeneration
 t - a +4 ring of protection (left hand)
 u - a ring of willpower (right hand)
Wands
 w - a wand of charming (18)
Scrolls
 e - 3 scrolls of enchant armour
 f - a scroll of noise {unknown}
 i - a scroll of torment {unknown}
 j - 3 scrolls of immolation
 l - a scroll of vulnerability
 o - a scroll of enchant weapon {unknown}
 q - 4 scrolls of teleportation
 y - a scroll of identify
Potions
 g - 2 potions of curing
 h - 3 potions of haste {unknown}
 k - a potion of resistance
 m - a potion of lignification {unknown}
 p - a potion of brilliance {unknown}
 s - a potion of might {unknown}
 v - a potion of flight {unknown}


   Skills:
 + Level 4.5 Fighting
 + Level 5.9 Ranged Weapons
 + Level 0.0 Armour
 + Level 4.6 Dodging
 + Level 4.6 Stealth
 + Level 1.8 Spellcasting
 + Level 2.0 Air Magic


You had 7 spell levels left.
You knew the following spells:

 Your Spells              Type           Power      Damage    Failure   Level
a - Swiftness             Air            4%         N/A       50%         3

Your spell library contained the following spells:

 Spells                   Type           Power      Damage    Failure   Level
 Ensorcelled Hibernation  Hex/Ice        0%         N/A       54%         2
 Passwall                 Tmut/Erth      0%         N/A       54%         2
 Sublimation of Blood     Necr           0%         N/A       54%         2
 Wereblood                Tmut           0%         N/A       54%         2
 Summon Hydra             Summ           0%         N/A       100%        7


Dungeon Overview and Level Annotations

Branches:
Dungeon (7/15)             Temple (1/1) D:4

Altars:
Dithmenos
Elyvilon
Gozag
Hepliaklqana
Kikubaaqudgha
Makhleb
Nemelex Xobeh
Ru
Sif Muna
Vehumet
Xom
Yredelemnul
Zin
The Shining One

Shops:
D:4 [

Annotations:
D:4 Grinder
D:5 1 runed translucent door, Crazy Yiuf
D:6 Maggie


Message History

Dithmenos accepts your kill.
Your Air Magic skill increases to level 2!
You start resting.
HP restored.
A steam dragon comes into view.
The steam dragon moves out of view.
A wyvern comes into view.
Found a scroll of enchant armour.
Found a fizzy clear potion.
e - 3 scrolls of enchant armour (gained 1)
h - 3 fizzy clear potions (gained 1)
A centaur comes into view.
Your hands tingle!
b - a +0 rapier of speed (weapon)
The centaur shouts!
You hear two shouts!
The centaur wields a +0 shortbow.
The centaur shoots an arrow.
The arrow hits you!
Your +0 dagger of venom begins to drip with poison!
x - a +0 dagger of venom (weapon)
The centaur shoots an arrow.
The arrow hits you.
The centaur shoots an arrow.
The arrow hits you.
A two-headed ogre comes into view.
It is wielding a +0 giant club and a +0 giant spiked club.
The two-headed ogre shouts in stereo!
You hear a shout!
The centaur shoots an arrow.
The arrow misses you.
A howler monkey comes into view.
The howler monkey howls!
The centaur unwields a +0 shortbow.
The centaur completely misses you. The centaur kicks you.
The two-headed ogre hits you with a +0 giant club!!
Ouch! That really hurt!
* * * LOW HITPOINT WARNING * * *
The two-headed ogre closely misses you.
A cyclops comes into view.
As you read the scroll of teleportation, it crumbles to dust.
You feel strangely unstable. The centaur barely misses you.
The centaur kicks you but does no damage.
The centaur closely misses you.
The centaur kicks you but does no damage.
The two-headed ogre hits you with a +0 giant club!!
You die... ..# ..### .)..# ....# ## ....# #### . ....# ##..# .## ....# ##...# #hC

....#######..#.##O#
............##..@#
..........####.##c#
..........# ### ##
..........#
..........#
..........#
..........#
..........#
..........#


You could see a two-headed ogre, a cyclops, a centaur and a howler monkey.

Vanquished Creatures
  A water moccasin (D:5)
  2 black bears (D:5)
  2 centaurs
  A phantom (D:4)
  A scorpion (D:5)
  An orc priest (D:3)
  A hound (D:4)
  3 iguanas
  2 sleepcaps
  An orc wizard (D:5)
  10 adders
  A white imp (D:5)
  2 ufetubi
  2 dart slugs
  2 worms
  11 orcs
  8 ball pythons
  7 endoplasms
  7 giant cockroaches
  6 goblins
  5 hobgoblins
  7 kobolds
  6 quokkas
  7 bats
  3 frilled lizards
  4 rats
  A butterfly (Temple)
104 creatures vanquished.

Vanquished Creatures (others)
  A quokka (D:5)
1 creature vanquished.

Grand Total: 105 creatures vanquished

Notes
Turn   | Place    | Note
-------+----------+-------------------------------------------
     0 | D:1      | anacleto the Human Hunter began the quest for the Orb.
     0 | D:1      | Reached XP level 1. HP: 16/16 MP: 1/1
   112 | D:1      | Reached XP level 2. HP: 22/22 MP: 2/2
   549 | D:1      | Reached XP level 3. HP: 28/28 MP: 3/3
  1036 | D:2      | Reached XP level 4. HP: 34/34 MP: 4/4
  1280 | D:2      | Found a faded altar of an unknown god.
  1764 | D:4      | Found a staircase to the Ecumenical Temple.
  1778 | Temple   | Entered the Ecumenical Temple
  2161 | Temple   | Became a worshipper of Dithmenos the Shadowed
  2259 | Temple   | Reached XP level 5. HP: 19/40 MP: 5/5
  3307 | D:3      | HP: 2/41 [iguana (7)]
  3529 | D:4      | Found Luowew's Armour Shoppe.
  3529 | D:4      | Noticed an animated pearl dragon scales
  3529 | D:4      | Noticed an animated gold dragon scales
  3611 | D:4      | Noticed a centaur
  3699 | D:4      | Killed a centaur
  3700 | D:4      | Reached skill level 5 in Ranged Weapons
  3700 | D:4      | Reached XP level 6. HP: 46/47 MP: 6/6
  3870 | D:4      | Reached * piety under Dithmenos
  3981 | D:4      | Reached XP level 7. HP: 46/53 MP: 7/7
  4264 | D:4      | Noticed Grinder
  4332 | D:5      | Entered Level 5 of the Dungeon
  4392 | D:5      | Learned a level 3 spell: Swiftness
  4676 | D:5      | Noticed a water moccasin
  4706 | D:5      | Found a basalt altar of Yredelemnul.
  5187 | D:5      | Reached skill level 1 in Spellcasting
  5187 | D:5      | Reached skill level 1 in Air Magic
  5216 | D:5      | Found a white marble altar of Elyvilon.
  5312 | D:5      | Reached XP level 8. HP: 61/61 MP: 9/9
  6216 | D:5      | Found a runed translucent door.
  6217 | D:5      | Noticed Crazy Yiuf
  6276 | D:6      | Noticed Maggie
  6456 | D:7      | HP: 3/61 [poisoned by a gnoll sergeant]
  6736 | D:7      | Noticed a wyvern
  6784 | D:7      | Noticed a two-headed ogre
  6785 | D:7      | Noticed a cyclops
  6786 | D:7      | Mangled by a two-headed ogre

Illustrated notes

Levels and vault maps discovered:
D:1:      sevenhm_arrival_forest_fort_large_1, layout_basic,
          grunt_decor_fettered
D:2:      layout_basic, hellmonk_ecumenical_altar_zigzags, grunt_ministairs_1,
          minivault_14
D:3:      layout_basic
D:4:      layout_gridville, minmay_temple_entry_butterflies, serial_shops,
          nicolae_shop_mannequins, supply_closet_lemuel,
          hangedman_minor_gate_pass, uniq_grinder
D:5:      layout_loops_ring, mainiacjoe_overflow_six_doors_small,
          elyvilon_altar_4, uniq_crazy_yiuf_cottage
D:6:      layout_loops_ring, mainiacjoe_overflow_surrounded_room,
          minmay_crossroads, uniq_maggie, uniq_edmund, uniq_pikel
D:7:      minmay_cornered_nines, layout_basic
Temple:   minmay_temple_forest_path

Skill      XL: |  1  2  3  4  5  6  7  8 |
---------------+-------------------------+-----
Stealth        | 2 3 4 |  4.6
Fighting       | 3 4 |  4.5
Dodging        | 3 4 |  4.6
Ranged Weapons | 5 |  5.9
Spellcasting   | 1 |  1.8
Air Magic      | 1 2 |  2.0

Action                     |  1- 3 |  4- 6 |  7- 9 || total
---------------------------+-------+-------+-------++-------
  Melee: Dagger            |       |    30 |    29 ||    59
         Punch             |       |       |     1 ||     1
         Rapier            |       |       |     3 ||     3
   Fire: Shortbow          |    77 |   155 |   142 ||   374
    Use: Scroll            |       |     7 |     7 ||    14
         Potion            |       |       |     1 ||     1
   Stab: Distracted        |       |     1 |       ||     1
         Sleeping          |       |       |     2 ||     2
 Armour: Leather armour    |    11 |    29 |    39 ||    79
  Dodge: Dodged            |    23 |   101 |   110 ||   234
